 Dungeon Crawl Stone Soup version 0.22.1-1-ga44c0e5 (webtiles) character file.

33293 SodIt the Spear-Bearer (level 13, -7/107 HPs)
             Began as an Octopode Fighter on Oct 29, 2018.
             Was a High Priest of Makhleb.
             Mangled by a vampire knight
             ... wielding a +0 great sword
              (22 damage)
             ... on level 15 of the Dungeon.
             The game lasted 01:08:05 (19278 turns).

SodIt the Spear-Bearer (Octopode Fighter)          Turns: 19278, Time: 01:08:06

Health: -7/107     AC:  7    Str: 20    XL:     13   Next: 70%
Magic:  35/35      EV: 19    Int: 11    God:    Makhleb [*****.]
Gold:   859        SH: 12    Dex: 15    Spells: 9/15 levels left

rFire    . . .     SeeInvis .   U - +4 trident (freeze)
rCold    . . .     Gourm    .   q - +0 shield
rNeg     . . .     Faith    .   F - +2 hat
rPois    .         Spirit   .   B - amulet of regeneration
rElec    .         Reflect  .   x - +4 ring of strength
rCorr    .         Harm     .   C - ring of stealth
MR       +....                  H - ring of magical power
Stlth    ++++......             K - +4 ring of protection
HPRegen  0.67/turn              h - +5 ring of evasion
MPRegen  0.24/turn              O - ring of protection from magic
                                t - ring of wizardry
                                s - ring of magical power

@: no status effects
A: almost no armour, stealthy swim, amphibious, 8 rings, constrict 8, camouflage
1, sense surroundings 1, robust 1, gelatinous body 1, subdued magic 1
a: Minor Destruction, Lesser Servant of Makhleb, Major Destruction, Greater
Servant of Makhleb, Renounce Religion


You were on level 15 of the Dungeon.
You worshipped Makhleb.
Makhleb was extremely pleased with you.
You were not hungry.

You visited 2 branches of the dungeon, and saw 16 of its levels.
You also visited: Labyrinth.

You collected 859 gold pieces.

Inventory:

Hand Weapons
 a - a +2 trident
 b - a +0 blowgun
 U - a +4 trident of freezing (weapon)
Missiles
 c - 16 javelins of returning
 p - 10 javelins (quivered)
 r - 20 poisoned needles
 u - 8 poisoned javelins
 T - 2 exploding tomahawks
Armour
 q - a +0 shield (worn)
 F - a +2 hat (worn)
Magical Staves
 v - an uncursed staff of power
Jewellery
 h - a +5 ring of evasion (on tentacle)
 s - a ring of magical power (on tentacle)
 t - a ring of wizardry (on tentacle)
 x - a +4 ring of strength (left tentacle)
 B - an amulet of regeneration (around mantle)
 C - a ring of stealth (right tentacle)
 G - an uncursed amulet of rage
 H - a ring of magical power (on tentacle)
 K - a +4 ring of protection (on tentacle)
 O - a ring of protection from magic (on tentacle)
Wands
 y - a wand of random effects (53)
 A - a wand of paralysis (33)
 D - a wand of digging (58)
 L - a wand of scattershot (13)
 N - a wand of disintegration (34)
 S - a wand of flame (22)
Scrolls
 g - 13 scrolls of remove curse
 i - 4 scrolls of identify
 k - 6 scrolls of teleportation
 l - 6 scrolls of immolation
 m - 5 scrolls of enchant armour
 o - 7 scrolls of magic mapping
 w - 3 scrolls of blinking
 E - 3 scrolls of fog
 J - 2 scrolls of vulnerability
 M - 5 scrolls of amnesia
 P - a scroll of random uselessness {unknown}
 Q - 2 scrolls of fear {unknown}
Potions
 e - 2 potions of magic
 f - 3 potions of lignification
 j - 2 potions of brilliance
 n - 3 potions of curing
 z - a potion of heal wounds
 I - a potion of ambrosia
 R - a potion of flight
Comestibles
 d - 25 rations
 V - 15 chunks of flesh


   Skills:
 + Level 12.8 Fighting
 - Level 14.1 Polearms
 - Level 1.0 Throwing
 + Level 4.2 Dodging
 - Level 2.4 Stealth
 - Level 10.0 Shields
 + Level 1.7 Spellcasting
 * Level 2.6 Summonings
 - Level 1.1 Necromancy
 * Level 6.1 Invocations
 - Level 4.0 Evocations


You had 9 spell levels left.
You knew the following spells:

 Your Spells              Type           Power        Failure   Level  Hunger
a - Confuse               Hex            #.......     50%         3    ####...
b - Animate Skeleton      Necr           N/A          13%         1    ##.....
c - Apportation           Tloc           #.....       21%         1    ##.....
d - Summon Small Mammal   Summ           #...         6%          1    ##.....

Your spell library contained the following spells:

 Spells                   Type           Power        Failure   Level  Hunger
 Confusing Touch          Hex            #.....       21%         1    ##.....
 Magic Dart               Conj           #...         21%         1    ##.....
 Searing Ray              Conj           #.....       30%         2    ###....
 Dazzling Spray           Conj/Hex       #.....       50%         3    ####...
 Gell's Gravitas          Tloc           #.........   50%         3    ####...
 Force Lance              Conj/Tloc      #.......     88%         4    #####..
 Fulminant Prism          Conj/Hex       #.........   88%         4    #####..
 Iskenderun's Mystic Bla  Conj           #.......     88%         4    #####..
 Petrify                  Tmut/Erth      #.......     88%         4    #####..
 Metabolic Englaciation   Hex/Ice        #.........   99%         5    ######.
 Yara's Violent Unravell  Hex/Tmut       #.........   99%         5    ######.
 Darkness                 Hex            #.........   100%        6    #######


Dungeon Overview and Level Annotations

Branches:
Dungeon (15/15)            Temple (1/1) D:4            Lair (0/6) D:9
    Orc (0/2) D:12         Vaults (0/5) D:14
 Depths: D:15

Altars:
Ashenzari
Cheibriados
Dithmenos
Elyvilon
Fedhas
Gozag
Hepliaklqana
Kikubaaqudgha
Makhleb
Nemelex Xobeh
Okawaru
Qazlal
Ru
Sif Muna
Trog
Uskayaw
Vehumet
Wu Jian
Xom
Yredelemnul
Zin
The Shining One

Shops:
D:5 *

Annotations:
D:2 exclusion: downstairs
D:7 1 runed door, exclusion: downstairs
D:8 1 runed door, n0claF's ghost, novice CeHu
D:11 2 transporters, exclusion: 2 downstairs, Tommers's ghost, journeyman GrFi
D:12 3 runed doors, empire's ghost, journeyman MiFi
D:14 Azrael


Innate Abilities, Weirdness & Mutations

You cannot wear most types of armour.
You are very stealthy in the water. (Stealth+)
You are amphibious.
You can wear up to eight rings at the same time.
You can use your tentacles to constrict eight enemies at once.
Your skin changes colour to match your surroundings (Stealth+).
Your rubbery body absorbs attacks. (AC +1, EV +1)
You passively map a small area around you.
You are robust. (+10% HP)
Your spells are a little easier to cast, but a little less powerful.


Message History

Unholy energy fills the air.
* * * LOW HITPOINT WARNING * * *
You hit something but do no damage. You constrict something.
Something barely misses you. Something bites you.
* * * LOW HITPOINT WARNING * * *
Something draws strength from your injuries!
You feel much better.
You constrict something.
Evoke which item? (* to show all) (? for menu, Esc to quit)
Aiming: Scattershot
Press: ? - help, Shift-Dir - straight line The burst of metal fragments hits something. x8
You constrict something. Something hits you!!
* * * LOW HITPOINT WARNING * * *
You block something's attack.
Evoke which item? (* to show all) (? for menu, Esc to quit)
Aiming: Scattershot
Press: ? - help, Shift-Dir - straight line The burst of metal fragments hits something. x8
You constrict something. Something hits you!!
You die...

#........###.............#
#........................#
#........# #.............#
#......<.# #.............#
#........####.........##..
##..............#...#######
...........#........# # , *
**#...{.#.##.##..# #
#..###@..##.##..# * ##.
######.##..# * y. #.##..# *
##.* #.##... , * y.
*#.##.### * * * **#.*
..##.., , * , , .. * ### *
* , ,* , , , **


There were no monsters in sight!

Vanquished Creatures
  Gastronok (D:9)
  A minotaur (Lab)
  2 rakshasas (D:15)
  3 hydras
  2 centaur warriors (D:15)
  2 dancing weapons (D:14)
  2 two-headed ogres
  3 deep elf magi
  2 manticores
  6 ugly things
  3 cyclopes
  A salamander (shapeshifter) (D:15)
  Maurice (D:12)
  3 centaur skeletons
  2 gargoyles (D:14)
  A freezing wraith (D:15)
  A yaktaur (D:14)
  A minotaur zombie (Lab)
  A troll (D:11)
  Grinder (D:4)
  A tyrant leech (D:15)
  2 hornets
  6 slime creatures
  3 hippogriffs
  2 dream sheep (D:8)
  2 shadows
  2 redbacks (Lab)
  A vampire (D:11)
  A wraith (D:11)
  2 wyverns
  Eustachio (D:5)
  7 yaks
  2 fire elementals (D:14)
  2 vampire mosquitoes (D:15)
  4 basilisks
  3 hungry ghosts
  Menkaure (D:5)
  A soldier ant (D:14)
  A water moccasin (D:12)
  3 hell hounds (D:14)
  5 orc warriors
  7 phantoms
  4 ice beasts
  4 sky beasts
  3 black bears
  10 ogres
  5 centaurs (D:15)
  9 bullfrogs
  5 big kobolds
  A wyvern skeleton (D:12)
  3 scorpions
  3 killer bees (D:11)
  10 wights
  3 howler monkeys
  3 centaur zombies
  A bullfrog zombie (D:13)
  5 crimson imps
  5 hounds
  4 lava snakes (Lab)
  5 jellies
  12 orc priests
  20 orc wizards
  8 worker ants
  A killer bee zombie (D:9)
  A hound zombie (D:8)
  5 worker ant zombies
  14 adders
  2 shadow imps
  3 oozes
  2 worms
  2 dart slugs
  7 leopard geckos
  67 orcs
  10 bats
  7 giant cockroaches
  8 goblins
  7 hobgoblins
  6 jackals
  4 quokkas
  2 ball pythons
  9 frilled lizards
  A jackal skeleton (D:5)
  16 kobolds
  A leopard gecko skeleton (D:8)
  A leopard gecko zombie (D:6)
  8 rats
  A spectral orc (D:8)
406 creatures vanquished.

Vanquished Creatures (collateral kills)
  An ugly thing (D:11)
  A crimson imp (D:11)
2 creatures vanquished.

Grand Total: 408 creatures vanquished

Notes
Turn   | Place    | Note
-------+----------+-------------------------------------------
     0 | D:1      | SodIt the Octopode Fighter began the quest for the Orb.
     0 | D:1      | Reached XP level 1. HP: 16/16 MP: 1/1
    99 | D:1      | Reached XP level 2. HP: 21/21 MP: 2/2
   826 | D:1      | Reached XP level 3. HP: 22/26 MP: 3/3
  1072 | D:1      | Reached skill level 1 in Stealth
  1608 | D:2      | Reached XP level 4. HP: 25/31 MP: 4/4
  2285 | D:2      | Reached skill level 3 in Polearms
  2592 | D:3      | Reached XP level 5. HP: 33/36 MP: 5/5
  3869 | D:3      | Reached skill level 4 in Polearms
  3869 | D:3      | Reached XP level 6. HP: 43/43 MP: 6/6
  4236 | D:4      | Noticed a phantom
  4270 | D:4      | HP: 2/43 [phantom (1)]
  4274 | D:4      | Gained mutation: You are agile. (Dex +2) [potion of
                  | mutation]
  4274 | D:4      | Gained mutation: One of your tentacles bears a spike.
                  | [potion of mutation]
  4282 | D:4      | Killed a phantom
  4393 | D:4      | Found a staircase to the Ecumenical Temple.
  4405 | Temple   | Entered the Ecumenical Temple
  4497 | Temple   | Became a worshipper of Makhleb the Destroyer
  4619 | D:4      | Reached skill level 5 in Polearms
  4645 | D:4      | Reached XP level 7. HP: 13/49 MP: 7/7
  5451 | D:4      | Reached skill level 6 in Polearms
  5725 | D:4      | Reached skill level 5 in Fighting
  5766 | D:4      | Noticed Grinder
  5774 | D:4      | Killed Grinder
  5774 | D:4      | Reached skill level 7 in Polearms
  5774 | D:4      | Reached XP level 8. HP: 55/55 MP: 8/8
  5948 | D:5      | Entered Level 5 of the Dungeon
  6038 | D:5      | Reached * piety under Makhleb
  6094 | D:5      | Reached skill level 8 in Polearms
  6439 | D:5      | Noticed Menkaure
  6449 | D:5      | Killed Menkaure
  6713 | D:5      | Found Guijinit's General Store.
  6760 | D:5      | Noticed Eustachio
  6768 | D:5      | Killed Eustachio
  6768 | D:5      | Reached XP level 9. HP: 53/62 MP: 9/9
  6820 | D:5      | Reached skill level 9 in Polearms
  7476 | D:6      | Reached skill level 5 in Shields
  7555 | D:6      | Reached ** piety under Makhleb
  8237 | D:7      | Lost mutation: You are agile. (Dex +2) [potion of mutation]
  8237 | D:7      | Lost mutation: One of your tentacles bears a spike. [potion
                  | of mutation]
  8237 | D:7      | Gained mutation: Your spells are a little easier to cast,
                  | but a little less powerful. [potion of mutation]
  8237 | D:7      | Gained mutation: You passively map a small area around you.
                  | [potion of mutation]
  8237 | D:7      | Gained mutation: You are robust. (+10% HP) [potion of
                  | mutation]
  8341 | D:7      | Reached skill level 10 in Polearms
  8622 | D:7      | Found a runed door.
  9122 | D:8      | Found a runed door.
  9123 | D:8      | Noticed n0claF's ghost (novice CeHu)
  9158 | D:8      | Reached XP level 10. HP: 78/78 MP: 10/10
  9206 | D:8      | Reached *** piety under Makhleb
  9208 | D:8      | Reached skill level 11 in Polearms
  9444 | D:8      | Noticed a three-headed hydra
  9458 | D:8      | HP: 2/79 [three-headed hydra (16)]
  9694 | D:8      | Killed a three-headed hydra
  9694 | D:8      | Reached skill level 1 in Invocations
  9869 | D:8      | Found a basalt altar of Yredelemnul.
 10282 | D:9      | Noticed Gastronok
 10306 | D:9      | Killed Gastronok
 10306 | D:9      | Reached skill level 12 in Polearms
 10306 | D:9      | Reached XP level 11. HP: 74/85 MP: 13/13
 10324 | D:9      | Reached skill level 1 in Throwing
 10453 | D:9      | Found a staircase to the Lair.
 10605 | D:10     | Entered Level 10 of the Dungeon
 10884 | D:10     | Reached **** piety under Makhleb
 11452 | D:11     | Noticed a purple ugly thing
 11465 | D:11     | Killed a purple ugly thing
 11490 | D:11     | Reached skill level 1 in Evocations
 11549 | D:11     | Noticed an eight-headed hydra
 11571 | D:11     | Killed an eight-headed hydra
 11828 | D:11     | Noticed a cyclops
 11856 | D:11     | Killed a cyclops
 11904 | D:11     | Noticed a purple ugly thing
 11917 | D:11     | Killed a purple ugly thing
 11917 | D:11     | Reached skill level 13 in Polearms
 11918 | D:11     | Found a labyrinth entrance.
 11932 | Lab      | Entered a labyrinth
 12706 | Lab      | Noticed a minotaur
 12724 | Lab      | Killed a minotaur
 13333 | D:11     | Found a transporter.
 13336 | D:11     | Noticed a crystal guardian
 13336 | D:11     | Noticed Tommers's ghost (journeyman GrFi)
 13338 | D:11     | Found a transporter.
 13339 | D:11     | Noticed a cyclops
 13386 | D:11     | Noticed a four-headed hydra
 13440 | D:11     | Reached XP level 12. HP: 94/94 MP: 15/15
 13507 | D:11     | Noticed a two-headed ogre
 13512 | D:11     | Killed a two-headed ogre
 13565 | D:11     | Killed a four-headed hydra
 13979 | D:11     | Learned a level 3 spell: Confuse
 14423 | D:12     | Found a runed gate.
 14423 | D:12     | Found a runed gate.
 14423 | D:12     | Found a runed gate.
 14425 | D:12     | Noticed empire's ghost (journeyman MiFi)
 14508 | D:12     | Reached skill level 10 in Fighting
 14508 | D:12     | Reached skill level 14 in Polearms
 14861 | D:12     | Learned a level 1 spell: Animate Skeleton
 14863 | D:12     | Learned a level 1 spell: Apportation
 14865 | D:12     | Learned a level 1 spell: Summon Small Mammal
 14929 | D:12     | Reached ***** piety under Makhleb
 15132 | D:12     | Noticed Maurice
 15142 | D:12     | Killed Maurice
 15170 | D:12     | Found a staircase to the Orcish Mines.
 15978 | D:13     | Noticed a two-headed ogre
 15986 | D:13     | Killed a two-headed ogre
 15986 | D:13     | Reached skill level 5 in Invocations
 16431 | D:13     | Reached XP level 13. HP: 102/104 MP: 16/16
 16909 | D:14     | Reached skill level 10 in Shields
 16948 | D:14     | Noticed Azrael
 17079 | D:14     | Found a gate to the Vaults.
 17085 | D:14     | Reached skill level 1 in Necromancy
 17211 | D:14     | Reached skill level 1 in Spellcasting
 17645 | D:15     | Entered Level 15 of the Dungeon
 17669 | D:15     | Found the +0 sword of Power
 18117 | D:15     | Identified the Grimoire of Curses
 18244 | D:15     | Reached skill level 1 in Summonings
 18296 | D:15     | Noticed a rakshasa
 18305 | D:15     | Noticed a rakshasa
 18452 | D:15     | Killed a rakshasa
 18729 | D:15     | Killed a rakshasa
 19258 | D:15     | Noticed a vampire knight
 19278 | D:15     | Mangled by a vampire knight

Skill      XL: |  1  2  3  4  5  6  7  8  9 10 11 12 13 |
---------------+----------------------------------------+-----
Stealth        | 2 |  2.4
Polearms       | 3 4 5 7 8 10 12 13 14 | 14.1
Fighting       | 4 5 6 7 8 9 11 12 | 12.8
Shields        | 4 5 7 8 9 10 | 10.0
Invocations    | 3 4 5 6 |  6.1
Throwing       | 1 |  1.0
Evocations     | 3 4 |  4.0
Necromancy     | 1 |  1.1
Spellcasting   | 1 |  1.7
Summonings     | 2 |  2.6
Dodging        | 4 |  4.2

Action                   |  1- 3 |  4- 6 |  7- 9 | 10-12 | 13-15 || total
-------------------------+-------+-------+-------+-------+-------++-------
Melee: Trident           |    78 |   160 |   294 |   691 |   372 ||  1595
       Constrict         |    14 |    25 |    52 |    65 |    38 ||   194
       Tentacles         |    10 |    22 |    72 |   158 |    91 ||   353
       Kick              |       |     4 |    48 |       |       ||    52
Throw: Javelin           |       |       |       |    29 |    18 ||    47
 Cast: Animate Skeleton  |       |       |       |     2 |     1 ||     3
Invok: Lesser Servant of |       |       |       |     1 |       ||     1
 Abil: Evoke Berserk Rag |       |       |       |     4 |       ||     4
Evoke: Wand              |       |       |     3 |    30 |     3 ||    36
  Use: Potion            |       |     5 |     4 |     3 |     1 ||    13
       Scroll            |       |       |     9 |    14 |     4 ||    27
 Stab: Sleeping          |     7 |    20 |    25 |    17 |     5 ||    74
       Distracted        |     1 |       |     1 |     4 |     1 ||     7
       Paralysed         |       |       |     1 |    11 |       ||    12
       Confused          |       |       |       |     2 |       ||     2
  Eat: Chunk             |     2 |    10 |    14 |    21 |     7 ||    54
       Ration            |       |       |       |     3 |     1 ||     4
Armor: Skin              |     4 |     6 |     4 |    32 |    19 ||    65
Dodge: Dodged            |    35 |    41 |    68 |   168 |   108 ||   420
Block: Shield            |    25 |    38 |    57 |   179 |    82 ||   381
